Workbook

Sheet SERVENTE - GRAU (40%)
A1: LIMPEZA - Regime de Tributação: Lucro Real
A2: ANEXO ---- do Pregão IFSul nº XX/2019 – CONTA VINCULADA PLANILHA DE CUSTOS E FORMAÇÃO DE PREÇOS
A3: Nº do processo: | H3: XXXX
A4: Licitação nº:
A5: Dia:
A6: DISCRIMINAÇÃO DOS SERVIÇOS (DADOS REFERENTES À CONTRATAÇÃO)
A7: A | B7: Data de apresentação da proposta (dia/mês/ano)
A8: B | B8: Município/UF | H8: Sapiranga/RS
A9: C | B9: Ano do Acordo, Convenção ou Dissídio Coletivo | H9: SINDIASSEIO VALE DOS SINOS – RS005068/2021
A10: D | B10: Número de meses de execução contratual | H10: 20
A11: IDENTIFICAÇÃO DO SERVIÇO
A12: Tipo de Serviço: Limpeza e Conservação Predial para o Câmpus Sapiranga IFSUL (Insalubridade 40%) | G12: Unidade de Medida | I12: Quantidade total a contratar (Em função da unidade de medida)
A13: a) Áreas internas - Pisos frios | G13: m2 | I13: 1329.6
A14: b) Áreas internas - Laboratórios | G14: m2 | I14: 700
A15: c) Áreas internas - Almoxarifados/galpões | G15: m2 | I15: 215
A16: d) Áreas internas - Áreas com espaços livres - saguão, hall e salão | D16: m-2 | E16: m-1 | F16: m0 | G16: m2 | I16: 410
A17: e) Banheiros | G17: m2 | I17: 160
A18: TOTAL DA ÁREA INTERNA | I18: =ROUND(I13+I14+I15+I16+I17,2) -> 2814.6
A20: b) Áreas externas - Varrição de passeios e arruamentos | H20: m2 | J20: 8000
A21: f) Áreas externas - Coleta de detritos em pátios e áreas verdes com frequência diária | H21: m2 | J21: 15000
A22: TOTAL DA ÁREA EXTERNA | J22: =ROUND(J20+J21,2) -> 23000
A24: a) Esquadrias externas - Face externa com exposição a situação de risco | H24: m2 | J24: 160
A25: b) Esquadrias externas - Face externa sem exposição a situação de risco | H25: m2 | J25: 380
A26: c) Esquadrias - Face interna | H26: m2 | J26: 380
A27: TOTAL DA ÁREA DA ESQUADRIA EXTERNA - FACE INTERNA/EXTERNA | J27: =ROUND(J24+J25+J26,2) -> 920
A29: TOTAL GERAL | J29: =ROUND(I18+J22+J27,2) -> 26734.6
A31: 1. MÓDULOS Mão de obra Mão de obra vinculada à execução contratual
A33: Dados para composição dos custos referente à mão de obra
A34: 1 | B34: Tipo de Serviço (mesmo serviço com características distintas) | H34: Limpeza e conservação
A35: 2 | B35: Classificação Brasileira de Ocupações (CBO) | H35: 5143-20
A36: 3 | B36: Salário Normativo da Categoria Profissional - para a jornada de 44 h/sem | H36: 1314.09
A37: 4 | B37: Categoria Profissional (vinculada à execução contratual) | H37: Servente de limpeza
A38: 5 | B38: Data-Base da Categoria (dia/mês/ano) | H38: 44562
A40: Módulo 1: Composição da Remuneração
A41: 1 | B41: Composição da Remuneração | H41: Percentual (R$) | J41: Valor (R$)
A42: A | B42: Salário-Base (valor para somente 1 servente de limpeza - 40h/semanais) | J42: =H36/220*200 -> 1194.6273
A43: B | B43: Adicional de Insalubridade (40% do SB - cláusula 55 da CCT/2019) | I43: 0.4 | J43: =ROUND(I43*J42,2) -> 477.85
A44: Total | J44: =SUM(J42:J43) -> 1672.4773
A46: Módulo 2 – Encargos e Benefícios Anuais, Mensais e Diários
A47: Submódulo 2.1 – 13º (décimo terceiro) Salário e Adicional de Férias
A48: 2.1 | B48: 13º (décimo terceiro) Salário e Adicional de Férias | J48: Valor (R$)
A49: A | B49: 13º (décimo terceiro) Salário Obrigatória a cotação de 8,33% sobre o valor do Módulo 1 – Composição da Remuneração, conforme Anexo XII da IN 5/17 | I49: 0.0833 | J49: =ROUND($J$44*I49,2) -> 139.32
A50: B | B50: Adicional de Férias Obrigatória a cotação de 3,025% sobre o valor do Módulo 1 – Composição da Remuneração, conforme Anexo XII da IN 5/17 (Férias + Adicional = 9,075% + 3,025% = 12,10%) | I50: 0.03025 | J50: =ROUND($J$44*I50,2) -> 50.59
A51: Total | J51: =SUM(J49+J50) -> 189.91
A52: C | B52: Incidência dos encargos do Submódulo 2.2 sobre o total do Submódulo 2.1 | J52: =ROUND(I65*J51,2) -> 69.89
A53: Total | J53: =J51+J52 -> 259.8
A55: Submódulo 2.2 - Encargos Previdenciários (GPS), Fundo de Garantia por Tempo de Serviço (FGTS) e outras contribuições
A56: 2.2 | B56: GPS, FGTS e outras contribuições | I56: Percentual (%) | J56: Valor (R$)
A57: A | B57: INSS | I57: 0.2 | J57: =ROUND($J$44*I57,2) -> 334.5
A58: B | B58: Salário Educação | I58: 0.025 | J58: =ROUND($J$44*I58,2) -> 41.81
A59: C | B59: RAT x FAP | E59: RAT = | F59: 0.03 | G59: FAP = | H59: 1 | I59: =ROUND((F59*H59),6) -> 0.03 | J59: =ROUND($J$44*I59,2) -> 50.17
A60: D | B60: SESC ou SESI | I60: 0.015 | J60: =ROUND($J$44*I60,2) -> 25.09
A61: E | B61: SENAC ou SENAI | I61: 0.01 | J61: =ROUND($J$44*I61,2) -> 16.72
A62: F | B62: SEBRAE | I62: 0.006 | J62: =ROUND($J$44*I62,2) -> 10.03
A63: G | B63: INCRA | I63: 0.002 | J63: =ROUND($J$44*I63,2) -> 3.34
A64: H | B64: FGTS | I64: 0.08 | J64: =ROUND($J$44*I64,2) -> 133.8
A65: Total | I65: =SUM(I57:I64) -> 0.368 | J65: =SUM(J57:J64) -> 615.46
A67: Submódulo 2.3 – Benefícios Mensais e Diários
A68: 2.3 | B68: Benefícios Mensais e Diários | J68: Valor (R$)
A69: A | B69: Transporte Cálculo do valor: [(2xVTx22) – (6%xSB)] | J69: =IF(ROUND((I72*I70*I71)-(J42*0.06),2)<0,0,ROUND((I72*I70*I71)-(J42*0.06),2))*1+(I70*I71*21.726-0.06*J42)*0 -> 96.32
B70: A.1) Valor da passagem do transporte coletivo no município de prestação dos serviços: | I70: 4 | J70: -
B71: A.2) Quantidade de passagens por dia por empregado: | I71: 2
B72: A.3) Quantidade de dias do mês de recebimento de passagens | I72: 21
A73: B | B73: Auxílio-Refeição/Alimentação Cálculo do valor = [(22xVA)x(1-0,19)] | J73: =ROUND(I75*I74*(1-0.19),2)*1+ROUND(21.726*6*(1-0.19),2)*0 -> 343.26
B74: B.1) Valor do auxílio-alimentação (clausula 18 da CCT 2022): | I74: 20.18 | J74: -
B75: B.2) Quantidade de dias do mês de recebimento de auxílio-alimentação | I75: 21
A76: C | B76: Seguro contra riscos de acidente de trabalho | J76: =ROUND(0.001068*7000,2) -> 7.48
A77: D | B77: Plano de Benefício Social Familiar (cláusula 29 da CCT 2022) | J77: 17.32
A78: Total | J78: =SUM(J69:J77) -> 464.38
A80: Quadro-Resumo do Módulo 2 – Encargos e Benefícios Anuais, Mensais e Diários
A81: 2 | B81: Encargos e Benefícios Anuais, Mensais e Diários | J81: Valor (R$)
A82: 2.1 | C82: 13º (décimo terceiro) Salário e Adicional de Férias | J82: =J53 -> 259.8
A83: 2.2 | C83: GPS, FGTS e outras contribuições | J83: =J65 -> 615.46
A84: 2.3 | C84: Benefícios Mensais e Diários | J84: =J78 -> 464.38
A85: Total | J85: =SUM(J82+J83+J84) -> 1339.64
A87: Módulo 3 - Provisão para Rescisão
A88: 3 | B88: Provisão para Rescisão | J88: Valor (R$)
A89: A | B89: Aviso Prévio Indenizado Aviso-prévio indenizado Cálculo do valor = {Rem/12 + 13º/12=(Rem/12)/12 + Férias/12=(Rem/12)/12 + (1/3xFérias)/12=1/3x[(Rem/12)/12]} x (30/30=1) x 5% de rotatividade anual - Os reflexos de 13º, F e 1/3F são referentes a 1 mês de APInd - Na prorrogação, poderão ser considerados 3 dias conforme Lei nº 12.506/2011, dependendo da análise do nº de ocorrências deste evento no período | J89: =ROUND((($J$44/12)+($J$49/12)+($J$44/12/12)+($J$50/12))*(30/30)*0.05,2) -> 8.34
A90: B | B90: Incidência do FGTS sobre o Aviso Prévio Indenizado | J90: =ROUND($J$89*I64,2) -> 0.67
A91: C | B91: Multa do FGTS e contribuição social sobre o Aviso Prévio Indenizado Obrigatória a cotação de 0,24% sobre o valor do Módulo 1 – Composição da Remuneração, conforme Anexo XII da IN Seges nº 5/2017 (0,24% + 4,76% = 5,0%) | I91: 0.0019 | J91: =ROUND($J$44*I91,2) -> 3.18
A92: D | B92: Aviso Prévio Trabalhado (negociar extinção/redução na 1ª prorrogação) Cálculo do valor= [(Rem/30)x7]/20 meses do contratox90% dos empregados - ao final do contrato | J92: =ROUND(((($J$44/30)*7)/$H$10)*0.9,2) -> 17.56
A93: E | B93: Incidência dos encargos do Submódulo 2.2 sobre o Aviso Prévio Trabalhado | J93: =ROUND($I$65*J92,2) -> 6.46
A94: F | B94: Multa do FGTS e contribuição social sobre o Aviso Prévio Trabalhado Obrigatória a cotação de 4,76% sobre o valor do Módulo 1 – Composição da Remuneração, conforme Anexo XII da IN Seges nº 5/2017 (4,76%+0,24% = 5,0%) | I94: 0.0381 | J94: =ROUND($J$44*I94,2) -> 63.72
A95: Total | J95: =SUM(J89:J94) -> 99.93
A97: Módulo 4 - Custo de Reposição do Profissional Ausente
A98: Base de cálculo para o Custo de Reposição do Profissional Ausente (substituto): BCCPA = Rem + 13º + Férias + 1/3Férias | J98: =J101+J44+J49+J50 -> 2014.1673
A100: 4.1 | B100: Ausências Legais | J100: Valor (R$)
A101: A | B101: Férias | I101: 0.09075 | J101: =ROUND(($J$44*I101),2) -> 151.78
A102: B | B102: Ausências Legais Cálculo do valor = [(BCCPA/30)x2,96dias]/12 | J102: =ROUND((($J$98/30)*2.96)/12,2) -> 16.56
A103: C | B103: Licença-Paternidade Cálculo do valor = {[(BCCPA/30)x5dias]/12}x1,5% | J103: =ROUND((($J$98/30)*5)/12*0.015,2) -> 0.42
A104: D | B104: Ausência por acidente de trabalho Cálculo do valor = {[(BCCPA/30)x15dias]/12}x0,78% | J104: =ROUND(((($J$98/30)*15)/12)*0.0078,2) -> 0.65
A105: E | B105: Afastamento Maternidade Cálculo do valor = {[(Rem+1/3Rem)/12]x(4/12)}x2% | J105: =ROUND(((($J$44+$J$44/3)*4/12)/12)*0.02,2) -> 1.24
A106: F | B106: (Outros) Ausência por doença Cálculo do valor = [(BCCPA)/30)x5dias]/12 | J106: =ROUND(((($J$98/30)*5)/12),2) -> 27.97
A107: Total | J107: =SUM(J101:J106) -> 198.62
A108: G | B108: Incidência dos encargos do Submódulo 2.2 sobre o total do Submódulo 4.1 | J108: =ROUND(I65*J107,2) -> 73.09
A109: Total | J109: =SUM(J107:J108) -> 271.71
A110: Submódulo 4.2 – Intrajornada
A111: 4.2 | B111: Intrajornada | J111: Valor (R$)
A112: A | B112: Intervalo para repouso ou alimentação | J112: 0
A113: Total | J113: 0
...

Sheet INSUMOS
A1: LIMPEZA - Regime de Tributação: Lucro Real
A2: ANEXO ---- do Pregão IFSul nº XX/2019 – CONTA VINCULADA MODELO DE PLANILHA DE CUSTOS E FORMAÇÃO DE PREÇOS
A3: Nº do processo: | F3: xxxxxx
A4: Licitação nº: | F4: xxxxxx
A5: Dia: | F5: xxxxxx
A6: INSUMOS DIVERSOS
A7: Materiais de Limpeza – SANEANTES DOMISSANITÁRIOS | B7: Unidade | C7: Quantidade Mensal | D7: Quantidade 20 meses | E7: Valor Unitário | F7: Custo 20 meses
A8: Água Sanitária de 1ª qualidade, galão de 5 litros | B8: galão | C8: 10 | D8: =C8*20 -> 200 | E8: 7.87 | F8: =D8*E8 -> 1574
A9: Álcool 70 °INPM (70% p/p) ou 77 °GL (77% v/v) | B9: litro | C9: 20 | D9: =C9*20 -> 400 | E9: 8.4 | F9: =D9*E9 -> 3360
A10: Álcool gel(álcool etílico, tipo hidratado) – 450 ml | B10: unidade | C10: 8 | D10: =C10*20 -> 160 | E10: 13.48 | F10: =E10*D10 -> 2156.8
A11: Detergente líquido, para lavagem de louças – 500ml. | B11: unidade | C11: 5 | D11: =C11*20 -> 100 | E11: 3.57 | F11: =D11*E11 -> 357
A12: Desinfetante bactericida de uso geral para banheiros | B12: litro | C12: 40 | D12: =C12*20 -> 800 | E12: 5.15 | F12: =D12*E12 -> 4120
A13: Desodorizador de ar de 360 ml (tipo aerossol) | B13: unidade | C13: 10 | D13: =C13*20 -> 200 | E13: 8.51 | F13: =D13*E13 -> 1702
A14: Inseticida aerosol / spray para eliminação de pragas, tais como baratas, aranhas, etc. 300ml | B14: unidade | C14: 2 | D14: =C14*20 -> 40 | E14: 7.1 | F14: =E14*12 -> 85.2
A15: Limpa vidros | B15: litro | C15: 5 | D15: =C15*20 -> 100 | E15: 6.48 | F15: =D15*E15 -> 648
A16: Limpador Multiuso para limpeza pesada – 500 ml | B16: unidade | C16: 10 | D16: =C16*20 -> 200 | E16: 6.57 | F16: =D16*E16 -> 1314
A17: Desinfetante perfumado para pisos – 5l- Lavanda ou Floral | B17: unidade | C17: 8 | D17: =C17*20 -> 160 | E17: 26.81 | F17: =E17*D17 -> 4289.6
A18: Lustra móveis em creme – 200 ml | B18: unidade | C18: 3 | D18: =C18*20 -> 60 | E18: 2.75 | F18: =E18*D18 -> 165
A19: Sabão em barra, pacote 5 unidades | B19: pacote | C19: 1 | D19: =C19*20 -> 20 | E19: 5.93 | F19: =E19*D19 -> 118.6
A20: Sabão em pó | B20: kg | C20: 8 | D20: =C20*20 -> 160 | E20: 4.56 | F20: =D20*E20 -> 729.6
A21: Saponáceo cremoso – 300 ml | B21: unidade | C21: 10 | D21: =C21*20 -> 200 | E21: 2.76 | F21: =D21*E21 -> 552
A22: Tela desodorante para mictório | B22: unidade | C22: 10 | D22: =C22*20 -> 200 | E22: 3.93 | F22: =D22*E22 -> 786
A23: CISTO DOS SANEANTES DOMISSANITÁRIOS | F23: =SUM(F8:F22) -> 21957.8
A24: CUSTO MENSAL DOS SANEANTES DOMISSANITÁRIOS | F24: =F23/20 -> 1097.89
A26: Materiais de Limpeza – COMPLEMENTARES | B26: Unidade | C26: Quantidade Mensal | D26: Quantidade 20 meses | E26: Valor Unitário | F26: Custo 20 meses
A27: Papel higiênico branco de alta qualidade, folha dupla, tipo personal, Nice ou similar, fardo com 8 rolos de 300m x 10 cm | B27: fardo | C27: 10 | D27: =C27*20 -> 200 | E27: 49.47 | F27: =D27*E27 -> 9894
A28: Papel toalha branco 100% celulose interfolhado com 1000 folhas 20cm x 21cm | B28: pacote | C28: 80 | D28: =C28*20 -> 1600 | E28: 8.47 | F28: =D28*E28 -> 13552
A29: Sabonete líquido para mãos, cremoso, 5 litros (galão) | B29: galão | C29: 5 | D29: =C29*20 -> 100 | E29: 25.59 | F29: =D29*E29 -> 2559
A30: CUSTO DOS MATERIAIS DE LIMPEZA – COMPLEMENTARES | F30: =SUM(F27:F29) -> 26005
A31: CUSTO MENSAL DOS MATERIAIS DE LIMPEZA – COMPLEMENTARES | E31: =F30*12 -> 312060 | F31: =F30/20 -> 1300.25
A33: UTENSÍLIOS | B33: Unidade | C33: Quantidade a disponibilizar | D33: Vida Útil (em meses) | E33: Quantidade 20 meses | F33: Valor Unitário | G33: Custo 20 meses
A34: Balde plástico, 20 litros | B34: unidade | C34: 12 | D34: 12 | E34: =20/D34*C34 -> 20 | F34: 19.5 | G34: =E34*F34 -> 390
A35: Desentupidor de pia | B35: unidade | C35: 2 | D35: 24 | E35: =20/D35*C35 -> 1.6666667 | F35: 3 | G35: =E35*F35 -> 5
A36: Desentupidor de vaso sanitário | B36: unidade | C36: 2 | D36: 12 | E36: =20/D36*C36 -> 3.3333333 | F36: 5.87 | G36: =E36*F36 -> 19.566667
A37: Escova nylon manual, cerdas duras (escova de mão) | B37: unidade | C37: 5 | D37: 12 | E37: =20/D37*C37 -> 8.3333333 | F37: 3.07 | G37: =E37*F37 -> 25.583333
A38: Escova para vaso sanitário | B38: unidade | C38: 8 | D38: 12 | E38: =20/D38*C38 -> 13.333333 | F38: 6.6 | G38: =E38*F38 -> 88
A39: Esponja dupla face | B39: unidade | C39: 10 | D39: 1 | E39: =20/D39*C39 -> 200 | F39: 1.08 | G39: =E39*F39 -> 216
A40: Extensão elétrica com cabo PP - comprimento = 50m | B40: unidade | C40: 1 | D40: 60 | E40: =20/D40*C40 -> 0.33333333 | F40: 349.05 | G40: =E40*F40 -> 116.35
A41: Flanela amarela de algodão, 40x60cm | B41: unidade | C41: 15 | D41: 1 | E41: =20/D41*C41 -> 300 | F41: 2.09 | G41: =E41*F41 -> 627
A42: Varal portátil para secagem de panos | B42: unidade | C42: 3 | D42: 60 | E42: =20/D42*C42 -> 1 | F42: 164.32 | G42: =E42*F42 -> 164.32
A43: Prendedor de roupas, pacote com 12 unidades | B43: pacote | C43: 6 | D43: 12 | E43: =20/D43*C43 -> 10 | F43: 1.72 | G43: =E43*F43 -> 17.2
A44: Pá de Lixo, com cabo longo | B44: unidade | C44: 5 | D44: 12 | E44: =20/D44*C44 -> 8.3333333 | F44: 5.81 | G44: =E44*F44 -> 48.416667
A45: Pano de chão, 100% algodão – 50x70 cm | B45: unidade | C45: 5 | D45: 1 | E45: =20/D45*C45 -> 100 | F45: 3.12 | G45: =E45*F45 -> 312
A46: Refil MOP Úmido Algodão (30 cm) | B46: unidade | C46: 5 | D46: 3 | E46: =20/D46*C46 -> 33.333333 | F46: 15.47 | G46: =E46*F46 -> 515.66667
A47: Pano de pratos, 100% algodão – 45 x 65 cm | B47: unidade | C47: 5 | D47: 1 | E47: =20/D47*C47 -> 100 | F47: 2.32 | G47: =F47*E47 -> 232
A48: Rodo com 2 borrachas - 40cm de largura, com cabo | B48: unidade | C48: 5 | D48: 12 | E48: =20/D48*C48 -> 8.3333333 | F48: 5.29 | G48: =E48*F48 -> 44.083333
A49: Rodo limpa vidros telescópico, extensão aprox. 3m | B49: unidade | C49: 5 | D49: 60 | E49: =20/D49*C49 -> 1.6666667 | F49: 59.3 | G49: =E49*F49 -> 98.833333
A50: Saco de lixo 100L, pacote 100 unidades – cor preta | B50: pacote | C50: 2 | D50: 1 | E50: =20/D50*C50 -> 40 | F50: 14.69 | G50: =E50*F50 -> 587.6
A51: Saco de lixo 100L, pacote 100 unidades – cor azul | B51: pacote | C51: 2 | D51: 1 | E51: =20/D51*C51 -> 40 | F51: 15.93 | G51: =F51*E51 -> 637.2
A52: Saco de lixo 40L, pacote 100 unidades – cor preta | B52: pacote | C52: 4 | D52: 1 | E52: =20/D52*C52 -> 80 | F52: 11.38 | G52: =E52*F52 -> 910.4
A53: Saco de lixo 40L, pacote 100 unidades – cor azul | B53: pacote | C53: 4 | D53: 1 | E53: =20/D53*C53 -> 80 | F53: 8.7 | G53: =F53*E53 -> 696
A54: Vassoura ancinho de ferro com 22 dentes | B54: unidade | C54: 3 | D54: 60 | E54: =20/D54*C54 -> 1 | F54: 29.44 | G54: =F54*E54 -> 29.44
A55: Vassoura de nylon 30cm c/ cabo de madeira plastificado | B55: unidade | C55: 20 | D55: 12 | E55: =20/D55*C55 -> 33.333333 | F55: 7.27 | G55: =E55*F55 -> 242.33333
A56: Vassoura de palha, comprimento das cerdas: 60cm | B56: unidade | C56: 5 | D56: 30 | E56: =20/D56*C56 -> 3.3333333 | F56: 13.47 | G56: =E56*F56 -> 44.9
A57: Borrifador de líquidos, com bico borrifador, cap.: 500 ml | B57: unidade | C57: 5 | D57: 30 | E57: =20/D57*C57 -> 3.3333333 | F57: 5.24 | G57: =E57*F57 -> 17.466667
A58: CUSTO DOS UTENSÍLIOS | G58: =SUM(G34:G57) -> 6085.36
A59: CUSTO MENSAL DOS UTENSÍLIOS | G59: =G58/20 -> 304.268
A61: EQUIPAMENTOS | B61: Unidade | C61: Quantidade a disponibilizar | D61: Depreciação (em meses) | E61: Quantidade 20 meses | F61: Valor Unitário | G61: Custo 20 meses
A62: Lavador a jato de alta pressão | B62: unidade | C62: 1 | D62: 60 | E62: =20/D62*C62 -> 0.33333333 | F62: 906.21 | G62: =E62*F62 -> 302.07
A63: Aspirador de pó/água | B63: unidade | C63: 1 | D63: 60 | E63: =20/D63*C63 -> 0.33333333 | F63: 441.14 | G63: =F63*E63 -> 147.04667
A64: Mangueira de jardim com 100 metros | B64: unidade | C64: 1 | D64: 30 | E64: =20/D64*C64 -> 0.66666667 | F64: 193.45 | G64: =E64*F64 -> 128.96667
A65: Carrinho de lixo comum | B65: unidade | C65: 1 | D65: 60 | E65: =20/D65*C65 -> 0.33333333 | F65: 586.71 | G65: =F65*E65 -> 195.57
A66: Escada de alumínio de 3 degraus | B66: unidade | C66: 1 | D66: 60 | E66: =20/D66*C66 -> 0.33333333 | F66: 148.03 | G66: =E66*F66 -> 49.343333
A67: Escada de alumínio de 8 degraus | B67: unidade | C67: 2 | D67: 60 | E67: =20/D67*C67 -> 0.66666667 | F67: 348.55 | G67: =E67*F67 -> 232.36667
A68: MOP completo pó | B68: kit | C68: 5 | D68: 12 | E68: =20/D68*C68 -> 8.3333333 | F68: 40.96 | G68: =E68*F68 -> 341.33333
A69: MOP completo úmido | B69: kit | C69: 5 | D69: 12 | E69: =20/D69*C69 -> 8.3333333 | F69: 36.99 | G69: =E69*F69 -> 308.25
A70: Placas sinalizadoras | B70: unidade | C70: 5 | D70: 60 | E70: =20/D70*C70 -> 1.6666667 | F70: 79.47 | G70: =E70*F70 -> 132.45
A71: Ponto biométrico | B71: unidade | C71: 1 | D71: 60 | E71: =20/D71*C71 -> 0.33333333 | F71: 1574.85 | G71: =F71*E71 -> 524.95
A72: CUSTO DOS EQUIPAMENTOS | G72: =SUM(G62:G70) -> 1837.3967
A73: CUSTO MENSAL DOS EQUIPAMENTOS | G73: =G72/20 -> 91.869833
A75: UNIFORMES | B75: Unidade | C75: Quantidade 20 meses | D75: Valor Unitário | E75: Custo 20 meses
A76: Calça Helanca (Agasalho) 100% Poliamida Unissex, com elástico na cintura | B76: unidade | C76: 4 | D76: 30.64 | E76: =C76*D76 -> 122.56
A77: Camiseta de manga curta com logotipo e nome da contratada | B77: unidade | C77: 4 | D77: 18.01 | E77: =C77*D77 -> 72.04
A78: Camiseta de manga longa com logotipo e nome da contratada | B78: unidade | C78: 4 | D78: 19.93 | E78: =C78*D78 -> 79.72
A79: Jaqueta, forrada com elástico nos punhos e firme com logotipo e nome da contratada | B79: unidade | C79: 2 | D79: 116.67 | E79: =C79*D79 -> 233.34
A80: Moletom firme com logotipo e nome da contratada | B80: unidade | C80: 4 | D80: 67.79 | E80: =D80*C80 -> 271.16
A81: Calçado tipo botina de couro, em PU com solado antiderrapante, resistente a choque elétrico | B81: par | C81: 4 | D81: 83.56 | E81: =C81*D81 -> 334.24
A82: Calçado tipo galocha impermeável de PVC, antiderrapante e cano médio | B82: par | C82: 2 | D82: 35.14 | E82: =D82*C82 -> 70.28
A83: Luva látex forrada | B83: par | C83: 20 | D83: 2.89 | E83: =C83*D83 -> 57.8
A84: CUSTO DOS UNIFORMES PARA 1 SERVENTE | E84: =SUM(E76:E83) -> 1241.14
A85: CUSTO MENSAL DOS UNIFORMES PARA 1 SERVENTE | E85: =E84/20 -> 62.057
A87: QUADRO RESUMO | B87: CUSTO 20 MESES | D87: CUSTO MENSAL | F87: Custo Mensal por SERVENTE
A88: Materiais de Limpeza – SANEANTES DOMISSANITÁRIOS | B88: =F23 -> 21957.8 | C88: =SUM(B88:B88) -> 21957.8 | D88: =B88/20 -> 1097.89 | F88: =D88/H99 -> 219.578
A89: Materiais de Limpeza – COMPLEMENTARES | B89: =F30 -> 26005 | C89: =SUM(B89:B89) -> 26005 | D89: =B89/20 -> 1300.25 | F89: =D89/H99 -> 260.05
A90: Materiais de Limpeza – UTENSÍLIOS | B90: =G58 -> 6085.36 | C90: =SUM(B90:B90) -> 6085.36 | D90: =B90/20 -> 304.268 | F90: =D90/H99 -> 60.8536
A91: MATERIAIS | B91: =SUM(B88:B90) -> 54048.16 | C91: =SUM(B91:B91) -> 54048.16 | D91: =B91/20 -> 2702.408 | F91: =F88+F89+F90 -> 540.4816
A93: EQUIPAMENTOS | B93: =G72 -> 1837.3967 | D93: =B93/20 -> 91.869833 | F93: =D93/H99 -> 18.373967
A95: UNIFORMES | B95: =E84 -> 1241.14 | D95: =B95/20 -> 62.057 | F95: =D95 -> 62.057
A97: TOTAIS | B97: =B91+B93+B95 -> 57126.697 | D97: =B97/20 -> 2856.3348 | F97: =F91+F93+F95 -> 620.91257
A99: Quantidade da mão de obra alocada na prestação dos serviços | H99: 5
A100: OBS.: Pesquisa de preços realizada no Painel de preços do Governo Federal pelo site: http://paineldeprecos.planejamento.gov.br/

Sheet RESUMO
A1: LIMPEZA - Regime de Tributação: Lucro Real
A2: ANEXO ---- do Pregão nº XX/2019 – CONTA VINCULADA MODELO DE PLANILHA DE CUSTOS E FORMAÇÃO DE PREÇOS
A3: Nº do processo: | H3: xxxxxxx
A4: Licitação nº:
A5: Dia:
A6: DISCRIMINAÇÃO DOS SERVIÇOS (DADOS REFERENTES À CONTRATAÇÃO)
A7: A | B7: Data de apresentação da proposta (dia/mês/ano)
A8: B | B8: Município/UF | H8: Sapiranga/RS
A9: C | B9: Ano do Acordo, Convenção ou Dissídio Coletivo | H9: SINDIASSEIO VALE DOS SINOS – RS005068/2021
A10: D | B10: Número de meses de execução contratual | H10: 20
A12: Tipo de Serviço: Limpeza e Conservação Predial Para o Câmpus Sapiranga do IFSUL (Insalubridade 40%)
A13: Valor mensal do serviço | I13: ='SERVENTE - GRAU (40%)'!I224:J224 -> 25566.89
A15: Número de meses do contrato | I15: ='SERVENTE - GRAU (40%)'!I226:J226 -> 20
A17: Valor global da proposta (valor mensal do serviço x nº de meses do contrato) | I17: ='SERVENTE - GRAU (40%)'!I228:J228 -> 511337.8
A19: Valor Total Mensal do Contrato | I19: =I13 -> 25566.89
A20: Valor Total Anual do Contrato | I20: =I17 -> 511337.8
